Map: 썬더버드 - 래더

Players

Lambo - Winner!

  • Race: Zerg Zerg
  • League: Grandmaster
  • Spawn Location: 5:00

lllIIIIllll (Creator)

  • Race: Protoss Protoss
  • League: Master
  • Spawn Location: 11:00

Event: HomeStory Cup XIX

VOD

Have the link to the VOD?

Description

Time

  • Played on: June 27, 2019, 8:04 a.m.
  • Length: 14:20

All games in this series

Show
View Real Time Build Order
Export as new Build Order

Lambo Zerg - Winner!

Build Orders: Hatch First, Brood Lord Corruptor, Roach Hydra 

Get SALT Encoding   

  12  0:00  Drone  
  13  0:12  Overlord  
  13  0:17  Drone  
  14  0:31  Drone x2  
  16  0:48  Hatchery  
  15  0:50  Drone  
  15  0:54  Drone  
  17  0:57  Drone  
  18  1:07  Extractor  
  17  1:12  Spawning Pool  
  17  1:15  Drone  
  17  1:18  Drone  
  18  1:28  Drone  
  19  1:40  Drone  
  20  1:50  Overlord  
  20  1:59  Queen x2  
  20  2:00  Zergling x4  
  26  2:11  Drone x2  
  28  2:22  Drone x2  
  30  2:34  Drone, Hatchery  
  30  2:36  Drone  
  31  2:40  Pneumatized Carapace  
  31  2:45  Drone  
  31  2:50  Overlord  
  32  2:53  Queen  
  34  2:59  Drone  
  34  3:03  Drone  
  37  3:12  Drone  
  37  3:13  Drone x2  
  37  3:14  Drone  
  37  3:15  Overlord  
  37  3:18  Drone x2  
  37  3:19  Metabolic Boost  
  42  3:31  Queen  
  44  3:37  Overlord  
  44  3:39  Drone x2  
  46  3:42  Drone  
  46  3:43  Drone x2  
  49  3:53  Drone x3  
  49  3:54  Spore Crawler  
  49  3:55  Drone  
  52  4:00  Drone x2  
  52  4:02  Drone x2  
  55  4:03  Spore Crawler  
  55  4:04  Drone  
  55  4:07  Drone  
  55  4:13  Queen  
  55  4:14  Drone  
  55  4:15  Drone  
  59  4:18  Drone x2  
  59  4:21  Overlord  
  61  4:27  Roach Warren  
  61  4:28  Overlord  
  60  4:37  Overlord  
  60  4:38  Overlord  
  60  4:42  Drone x3, Extractor  
  60  4:43  Drone x4, Extractor  
  65  4:46  Drone x2  
  65  4:48  Overlord  
  65  4:52  Lair  
  67  4:54  Drone x2  
  67  4:59  Drone x2  
  71  5:03  Drone  
  71  5:04  Drone  
  73  5:10  Roach x3  
  73  5:12  Roach x4  
  86  5:16  Extractor, Overlord  
  85  5:22  Roach  
  85  5:23  Extractor, Roach x3  
  85  5:25  Roach  
  85  5:27  Overlord  
  94  5:30  Overlord  
  94  5:31  Roach  
  96  5:35  Overlord  
  96  5:36  Roach x2  
  100  5:44  Drone x4  
  100  5:46  Drone  
  100  5:48  Extractor  
  104  5:52  Roach x3  
  104  5:55  Glial Reconstitution  
  110  5:59  Roach x2  
  110  6:01  Hatchery, Overseer  
  113  6:05  Drone x2  
  113  6:07  Drone x2  
  113  6:09  Hydralisk Den  
  116  6:15  Drone x3  
  116  6:18  Drone  
  114  6:20  Drone  
  114  6:21  Drone x4  
  119  6:26  Drone x3  
  119  6:31  Drone x3, Baneling Nest  
  124  6:34  Infestation Pit  
  124  6:35  Evolution Chamber  
  124  6:37  Drone x2  
  124  6:39  Evolution Chamber  
  123  6:49  Drone x3  
  123  6:53  Muscular Augments, Drone  
  127  7:02  Drone x2  
  127  7:03  Drone, Hatchery, Overlord  
  129  7:08  Zerg Melee Weapons Level 1  
  129  7:09  Zerg Missile Weapons Level 1, Overlord  
  128  7:15  Overlord  
  128  7:19  Centrifical Hooks  
  128  7:20  Extractor, Hive  
  128  7:22  Drone x2  
  129  7:23  Zergling x2  
  129  7:24  Spire  
  129  7:27  Queen  
  129  7:28  Drone x2  
  129  7:29  Drone  
  134  7:34  Hydralisk x3  
  140  7:40  Hydralisk x3  
  146  7:44  Baneling x3  
  146  7:49  Hydralisk x2  
  150  7:53  Overlord x2  
  150  8:00  Ravager, Overlord  
  150  8:02  Baneling  
  150  8:03  Overlord  
  150  8:04  Zergling x2, Grooved Spines  
  150  8:05  Overlord  
  152  8:07  Overlord  
  152  8:10  Overlord  
  152  8:11  Overlord  
  152  8:13  Drone x2, Extractor  
  152  8:15  Hydralisk x3, Drone x3  
  152  8:16  Zergling x8  
  166  8:21  Hydralisk x3  
  166  8:27  Hydralisk x3  
  172  8:29  Overseer  
  172  8:30  Zergling x6  
  181  8:36  Greater Spire  
  181  8:38  Overseer  
  181  8:42  Zergling x16  
  181  8:47  Drone x3  
  192  8:52  Zergling x2  
  192  8:53  Zergling x8  
  197  8:56  Baneling x9  
  197  9:02  Zergling x6  
  198  9:03  Baneling  
  198  9:04  Baneling x10  
  198  9:09  Zergling x2  
  190  9:11  Zergling x16  
  190  9:14  Zergling x2  
  190  9:15  Zergling x8  
  195  9:21  Baneling x7  
  195  9:23  Zergling x2  
  191  9:27  Zergling x14  
  191  9:30  Overlord  
  198  9:36  Overlord  
  197  9:39  Overlord  
  197  9:42  Overlord  
  197  9:43  Overlord  
  196  9:48  Overlord  
  196  9:50  Overlord  
  196  9:51  Zerg Flyer Weapons Level 1  
  196  9:53  Queen  
  198  10:04  Overseer, Overlord  
  198  10:05  Extractor  
  198  10:06  Extractor  
  196  10:11  Corruptor x4  
  195  10:14  Corruptor  
  195  10:15  Corruptor  
  187  10:27  Corruptor x2  
  191  10:36  Spine Crawler  
  190  10:43  Brood Lord x4  
  190  10:48  Brood Lord  
  190  10:49  Pathogen Glands  
  199  10:54  Spore Crawler  
  199  10:55  Spore Crawler  
  199  10:56  Brood Lord, Spore Crawler x2  
  194  10:57  Spore Crawler  
  194  10:59  Baneling x11  
  194  11:01  Spine Crawler  
  194  11:03  Zergling x2, Brood Lord  
  200  11:06  Brood Lord  
  200  11:08  Zergling x4  
  200  11:09  Zergling x2  
  199  11:13  Zergling x2  
  199  11:14  Zergling x2  
  199  11:15  Overlord x2  
  194  11:24  Hydralisk  
  194  11:25  Hydralisk x6, Zergling x2  
  200  11:30  Hydralisk x2  
  199  11:37  Zergling x28  
  198  11:42  Hydralisk  
  198  11:43  Zergling x2  
  199  11:47  Zergling x2  
  199  11:54  Hydralisk x4  
  193  11:59  Hydralisk, Zergling x2  
  184  12:04  Baneling x11, Hydralisk  
  184  12:05  Hydralisk x3  
  184  12:06  Hydralisk  
  184  12:08  Zergling x10  
  191  12:11  Zergling x4  
  191  12:13  Queen  
  185  12:17  Zergling x6  
  185  12:21  Zergling x6  
  158  12:26  Zergling x2  
  158  12:27  Hydralisk  
  153  12:32  Infestor x3  
  157  12:37  Corruptor  
  153  12:44  Hydralisk x5  
  153  12:45  Hatchery  
  153  12:47  Zergling x4  
  153  12:50  Zergling x4, Overseer x3  
  161  12:55  Baneling x11  
  159  13:00  Zergling x8, Overseer  
  163  13:05  Zergling x2  
  163  13:06  Zergling x4  
  163  13:08  Baneling x6  
  166  13:18  Brood Lord, Corruptor x2  
  172  13:20  Zergling x2  
  172  13:21  Zergling x4  
  172  13:24  Baneling x5  
  175  13:31  Zergling x12  
  181  13:37  Zergling x4  
  181  13:38  Zergling x6  
  178  13:46  Zergling x16  
  186  13:52  Brood Lord  
  186  13:53  Zergling x4  
  189  14:00  Baneling x6  
Show
View Real Time Build Order
Export as new Build Order

lllIIIIllll Protoss 

Build Orders: 1 Gate Expand, Oracle Opening, Phoenix Opening, Archon Immortal 

Get SALT Encoding   

  12  0:00  Probe  
  13  0:12  Probe  
  14  0:20  Pylon  
  14  0:24  Probe  
  15  0:34  Probe  
  15  0:40  Gateway  
  15  0:42  Probe  
  16  0:47  Assimilator  
  17  0:52  Probe  
  18  1:04  Probe  
  19  1:16  Probe  
  20  1:24  Nexus  
  20  1:28  Probe  
  21  1:36  Cybernetics Core  
  21  1:41  Assimilator  
  21  1:44  Probe  
  22  1:53  Pylon  
  22  1:56  Probe  
  23  2:03  Adept  
  23  2:11  Probe  
  26  2:16  Stargate  
  26  2:23  Probe, Warp Gate  
  27  2:32  Probe, Adept  
  27  2:33  Probe  
  31  2:40  Probe  
  31  2:41  Probe  
  32  2:49  Probe  
  32  2:51  Probe  
  32  2:52  Oracle  
  34  3:01  Probe  
  34  3:03  Probe  
  39  3:13  Probe  
  39  3:15  Probe  
  39  3:19  Twilight Council, Pylon  
  41  3:21  Assimilator  
  41  3:24  Assimilator  
  41  3:26  Probe  
  42  3:27  Probe  
  42  3:28  Phoenix  
  43  3:35  Gateway  
  43  3:39  Probe x2  
  47  3:51  Probe x2, Robotics Facility  
  49  4:03  Probe x2  
  51  4:14  Pylon  
  51  4:15  Probe x2  
  53  4:17  Templar Archives  
  53  4:24  Charge  
  53  4:25  Gateway x2  
  53  4:29  Probe  
  54  4:32  Probe  
  54  4:33  Pylon  
  55  4:39  Warp Prism  
  55  4:41  Zealot  
  55  4:45  Psionic Storm  
  59  4:48  Zealot  
  61  5:05  Nexus  
  61  5:09  Pylon  
  61  5:12  High Templar  
  61  5:13  High Templar  
  65  5:15  Probe x2, Pylon  
  67  5:26  Pylon  
  67  5:27  Probe x2  
  69  5:31  Zealot x2  
  73  5:41  Probe x2  
  75  5:43  Immortal  
  75  5:48  Gateway  
  75  5:49  Gateway  
  75  5:51  Forge  
  75  5:56  Probe x2  
  81  6:08  Probe x2  
  83  6:13  Immortal  
  83  6:18  Probe  
  84  6:20  Probe  
  84  6:21  Probe  
  84  6:24  Robotics Facility  
  90  6:26  High Templar x3  
  90  6:27  Assimilator  
  90  6:29  Assimilator, Probe  
  90  6:31  Probe  
  97  6:33  Probe, Protoss Ground Weapons Level 1  
  97  6:37  Probe  
  99  6:40  Probe  
  99  6:41  Pylon  
  99  6:42  Sentry  
  99  6:45  Probe x2  
  104  6:48  Pylon  
  104  6:52  Immortal  
  109  6:57  Pylon  
  109  6:59  Probe  
  110  7:01  High Templar  
  110  7:02  Gateway  
  110  7:03  Gateway  
  112  7:09  Immortal  
  112  7:10  Pylon  
  116  7:22  Immortal  
  120  7:37  Nexus  
  120  7:38  High Templar, Pylon  
  120  7:39  Zealot x4, High Templar  
  132  7:45  Archon  
  132  7:52  Pylon  
  132  7:53  Dark Shrine, Pylon  
  132  7:54  Photon Cannon, Immortal  
  132  7:56  Pylon  
  132  7:57  Immortal  
  140  8:09  Probe x3  
  140  8:11  Photon Cannon  
  143  8:19  Zealot x4, High Templar x2  
  155  8:23  Archon  
  155  8:33  Immortal  
  155  8:35  High Templar x2  
  155  8:36  Observer  
  155  8:38  Pylon  
  155  8:40  Pylon  
  160  8:41  Archon  
  160  8:46  Pylon  
  164  8:50  Zealot x2, Protoss Ground Weapons Level 2  
  164  8:51  Zealot  
  170  8:55  Stalker x2  
  174  9:04  Zealot  
  170  9:14  Immortal  
  155  9:17  Immortal  
  155  9:20  High Templar x2  
  155  9:21  Zealot x5  
  165  9:26  Archon  
  165  9:30  Blink  
  165  9:43  Gateway  
  165  9:44  Gateway  
  163  9:47  Gateway  
  163  9:50  Immortal  
  163  9:51  Sentry  
  163  9:52  Sentry  
  166  9:54  Assimilator  
  166  9:57  Assimilator  
  170  10:14  Zealot x6  
  174  10:16  Immortal  
  174  10:19  High Templar  
  182  10:30  High Templar  
  182  10:34  High Templar  
  182  10:35  Stalker x4  
  190  10:43  Photon Cannon  
  190  10:45  Photon Cannon  
  190  10:47  Dark Templar x2  
  192  10:52  Archon x2  
  192  11:01  Stalker x4  
  200  11:09  Stalker x2  
  200  11:10  Stalker  
  197  11:24  Stalker x2  
  185  11:40  Stalker x2  
  185  11:42  Stalker  
  185  11:43  Stalker x6  
  163  12:06  Stalker x10  
  163  12:07  Stalker  
  129  12:26  Warp Prism  
  115  12:33  Stalker x6  
  115  12:34  Stalker  
  111  12:46  Probe  
  111  12:50  Probe x3  
  115  12:59  Dark Templar  
  115  13:00  Dark Templar x3  
  115  13:02  Probe  
  115  13:03  Archon  
  115  13:05  Archon  
  122  13:06  Stalker x3  
  122  13:08  Zealot x3  
  134  13:13  Stalker  
  134  13:38  Immortal  
  134  13:40  Zealot, Dark Templar x4  
  134  13:41  Zealot x6  
  136  13:44  Archon x2  
  136  14:08  Dark Templar x2  
  136  14:09  Zealot x5  
Tags
 
Add a new tag
Caveats
  • Supply blocks, unpowered buildings, or Contaminate may cause inaccurate times.
  • Supply counts are checked every 10 seconds.